 Dungeon Crawl Stone Soup version 0.31-a0-236-g9a0961fb85 (webtiles) character file.

Game seed: 8329143457077047238

308 qw the Shooter (level 6, -1/38 HPs)
             Began as a Gargoyle Hexslinger on July 10, 2023.
             Killed from afar by Dowan (5 damage)
             ... with a stone arrow
             ... on level 4 of the Dungeon.
             The game lasted 00:01:04 (2387 turns).

qw the Shooter (Gargoyle Hexslinger)                Turns: 2387, Time: 00:01:04

Health: -1/38      AC:  9    Str: 12    XL:     6   Next: 40%
Magic:  7/7        EV: 10    Int: 13    God:
Gold:   196        SH:  0    Dex: 14    Spells: 6/7 levels left

rFire   . . .        Y - +2 sling
rCold   . . .        (no shield)
rNeg    + . .        b - +0 ring mail
rPois   inf          (no helmet)
rElec   +            (no cloak)
rCorr   +            (no gloves)
SInv    .            (no boots)
Will    .....        (no amulet)
Stlth   +            e - ring of resist corrosion
HPRegen 0.26/turn    (no ring)
MPRegen 0.10/turn

%: no passive effects
@: no status effects
A: sickness immunity, AC +4, negative energy resistance 1, electricity
resistance, torment resistance 1, petrification resistance
a: no special abilities


You were on level 4 of the Dungeon.
You visited 1 branch of the dungeon, and saw 4 of its levels.

You collected 196 gold pieces.


Innate Abilities, Weirdness & Mutations

You are immune to sickness and miasma.
Your stone body is resilient. (AC +4)
You are immune to poison.
You resist negative energy. (rN+)
You are resistant to electric shocks. (rElec)
You are resistant to unholy torment.
You are immune to petrification.


   Skills:
 - Level 4.1 Fighting
 + Level 5.0 Ranged Weapons
 - Level 1.7 Armour
 - Level 1.5 Dodging
 - Level 1.0 Spellcasting
 - Level 2.6 Hexes


You had 6 spell levels left.
You knew the following spells:

 Your Spells              Type           Power      Damage    Failure   Level
a - Slow                  Hex            28%        N/A       21%         1

Your spell library contained the following spells:

 Spells                   Type           Power      Damage    Failure   Level
 Inner Flame              Hex/Fire       4%         N/A       71%         3
 Portal Projectile        Hex/Tloc       8%         N/A       71%         3
 Cause Fear               Hex            3%         N/A       90%         4

Inventory:

Hand Weapons
 Y - a +2 sling (weapon)
Armour
 b - a +0 ring mail (worn)
Jewellery
 e - a ring of resist corrosion (left hand)
 f - a ring of ice
Scrolls
 c - a scroll of identify
Potions
 a - a potion of mutation {unknown}
 g - a potion of enlightenment {unknown}
 j - a potion of degeneration {unknown}

Dungeon Overview and Level Annotations

Branches:
Dungeon (4/15)
 Temple: D:4-7

Altars:

Annotations:
D:4 Dowan


Message History

2374 ||| DRINKING potion of heal wounds.
You feel much better. Duvessa completely misses you.
Dowan casts a spell.
Dowan blinks!
You shoot a sling bullet.
The sling bullet closely misses Duvessa.
Duvessa barely misses you. Duvessa hits you but does no damage.
You shoot a sling bullet. The sling bullet hits Duvessa.
Duvessa is almost dead.
Duvessa barely misses you.
You shoot a sling bullet. The sling bullet hits Duvessa.
You kill Duvessa!
You hear a distant wail of despair.
Your Fighting skill gained 2 levels and is now at level 4!
You have reached level 6!
2378 ||| FLEEEEING.
2379 ||| Stepping ~*~*~tactically~*~*~ (outnumbered).
2380 ||| STILL FLEEEEING.
You shoot a sling bullet. The sling bullet hits the orc!
You kill the orc!
You start resting.
Dowan is nearby!
You shoot a sling bullet. The sling bullet barely misses Dowan.
Dowan seems to find hidden reserves of power!
You shoot a sling bullet. The sling bullet hits Dowan.
Dowan is lightly wounded.
Dowan hits you but does no damage. Dowan casts a spell at you.
The shard of ice hits you!!
Ouch! That really hurt!
You shoot a sling bullet. The sling bullet hits Dowan.
Dowan is moderately wounded.
Dowan hits you with a +0 dagger.
You shoot a sling bullet. The sling bullet hits Dowan.
Dowan is moderately wounded.
Dowan hits you but does no damage.
Dowan points at you and mumbles some strange words.
The stone arrow hits you.
You die...

...########## #. ...#..#.....# #.
#+##.##..#.###.######.
#.##.##..#.###.#...... #.
#.##.##......#.#.####.
#.##########.##.##.##.#.#...##...
#.........##.##.##)...#........#.
#.........#.##.##.##############
#..............@e...............
#.......##......##)#############
###.#....###....###)#
..........###..## ..o
.##.#..#...##### .....
#.####....# ....... #.........#
#........ ######...######..e.....
#.....###..###........


You could see Dowan (fast).

Vanquished Creatures
  Duvessa (D:4)
  Jessica (D:2)
  2 orc wizards
  5 adders
  4 dart slugs
  6 orcs
  7 endoplasms
  A giant cockroach (D:1)
  3 hobgoblins
  6 jackals
  2 quokkas
  8 ball pythons
  7 bats
  2 frilled lizards (D:2)
  7 goblins
  8 kobolds
  7 rats
77 creatures vanquished.

Notes
Turn   | Place    | Note
-------+----------+-------------------------------------------
     0 | D:1      | qw the Gargoyle Hexslinger began the quest for the Orb.
     0 | D:1      | Reached XP level 1. HP: 12/12 MP: 2/2
     0 | D:1      | 0 ||| qw: Version: 0.3-a-52-g30416fa
     0 | D:1      | 0 ||| qw: Game counter: 4634
     0 | D:1      | 0 ||| qw: Melee chars always use a shield: true
     0 | D:1      | 0 ||| qw: God list: Okawaru
     0 | D:1      | 0 ||| qw: Allow faded altars: false
     0 | D:1      | 0 ||| qw: Do Orc after clearing Dungeon:15 true
     0 | D:1      | 0 ||| qw: Do second Lair branch before Depths: true
     0 | D:1      | 0 ||| qw: Lair rune preference: random
     0 | D:1      | 0 ||| qw: Goals: Normal
     0 | D:1      | 0 ||| PLANNING D:1-11
   161 | D:1      | Reached XP level 2. HP: 16/16 MP: 3/3
   326 | D:1      | Reached skill level 3 in Ranged Weapons
   523 | D:1      | Reached XP level 3. HP: 17/21 MP: 4/4
   724 | D:1      | 724 ||| READING scroll labelled NIOHEKH HAACUB.
   725 | D:1      | 725 ||| READING scroll labelled XASSYX TUP.
   726 | D:1      | 726 ||| READING scroll labelled ZUISIN VUXAES.
   727 | D:1      | 727 ||| READING scroll labelled VIVEMO UZEA.
   728 | D:1      | 728 ||| READING scroll labelled CIGIRPHOEQU.
   729 | D:1      | 729 ||| DROPPING scroll of poison.
   828 | D:2      | Found a faded altar of an unknown god.
   952 | D:2      | Reached XP level 4. HP: 26/26 MP: 5/5
  1087 | D:2      | Reached skill level 4 in Ranged Weapons
  1346 | D:2      | Noticed Jessica
  1349 | D:2      | Killed Jessica
  1386 | D:2      | 1386 ||| UPGRADING to +0 leather armour.
  1396 | D:2      | 1396 ||| DROPPING +0 robe.
  1397 | D:2      | 1397 ||| UPGRADING to ring of resist corrosion.
  1398 | D:2      | 1398 ||| READING scroll labelled BIEXZO RIMA.
  1399 | D:2      | 1399 ||| READING scroll labelled XUACZU HAEBROR.
  1400 | D:2      | 1400 ||| READING scroll labelled FONGY SEEBORRO.
  1716 | D:3      | Reached XP level 5. HP: 27/30 MP: 6/6
  1952 | D:3      | Reached skill level 5 in Ranged Weapons
  2221 | D:3      | 2221 ||| UPGRADING to +0 ring mail.
  2231 | D:3      | 2231 ||| DROPPING +0 leather armour.
  2232 | D:3      | 2232 ||| READING scroll labelled ROSEAC LEOCWE.
  2235 | D:3      | 2235 ||| DRINKING 2 metallic clear potions.
  2280 | D:4      | 2280 ||| Stepping ~*~*~tactically~*~*~ (outnumbered).
  2356 | D:4      | Reached skill level 1 in Armour
  2359 | D:4      | Noticed Duvessa
  2361 | D:4      | Noticed Dowan
  2373 | D:4      | HP: 7/31 [Duvessa/+0 short sword (5)]
  2374 | D:4      | 2374 ||| DRINKING potion of heal wounds.
  2377 | D:4      | Killed Duvessa
  2378 | D:4      | Reached XP level 6. HP: 34/38 MP: 7/7
  2378 | D:4      | 2378 ||| FLEEEEING.
  2379 | D:4      | 2379 ||| Stepping ~*~*~tactically~*~*~ (outnumbered).
  2385 | D:4      | HP: 7/38 [Dowan/shard of ice (29)]
  2386 | D:4      | HP: 3/38 [Dowan/+0 dagger (4)]
  2387 | D:4      | Killed from afar by Dowan

Levels and vault maps discovered:
D:1:      minmay_arrival_diagonal_passages, layout_basic
D:2:      layout_basic, basic_ecumenical_altar, minmay_tetromino_l4,
          uniq_jessica
D:3:      layout_basic
D:4:      layout_basic, lemuel_tele_altar, minivault_19,
          chequers_serial_rivers_marsh, uniq_duvessa

Skill      XL: |  1  2  3  4  5 |
---------------+----------------+-----
Ranged Weapons | 3 4 5 |  5.0
Fighting       | 2 4 |  4.1
Armour         | 1 |  1.7
Dodging        | |  1.5
Spellcasting   | |  1.0
Hexes          | |  2.6

Action                     |  1- 3 |  4- 6 || total
---------------------------+-------+-------++-------
   Fire: Sling             |   134 |   144 ||   278
    Use: Scroll            |     5 |     4 ||     9
         Potion            |       |     2 ||     2
 Armour: Robe              |    43 |     3 ||    46
         Leather armour    |       |    22 ||    22
         Ring mail         |       |     8 ||     8
  Dodge: Dodged            |    93 |    42 ||   135

Table legend:
 A = Non-vault XP
 B = Vault XP
 C = Vault XP percentage of total XP
 D = Non-vault monster count
 E = Vault monster count
 F = Vault count percentage of total count
                 A         B        C        D         E       F
            +---------+---------+-------+---------+---------+-------
      Total |     242 |     198 |  45.0 |      72 |       5 |   6.5
            +---------+---------+-------+---------+---------+-------
        D:1 |      39 |       0 |   0.0 |      24 |       0 |   0.0
        D:2 |      61 |      56 |  47.9 |      18 |       4 |  18.2
        D:3 |      85 |       0 |   0.0 |      22 |       0 |   0.0
        D:4 |      57 |     142 |  71.4 |       8 |       1 |  11.1
            +---------+---------+-------+---------+---------+-------
